 Dungeon Crawl Stone Soup version 0.20.0-15-g7f486f2 (webtiles) character file.

165 NoAnimeNoLife the Cudgeler (level 5, -10/32 HPs)
             Began as a Gargoyle Fighter on June 18, 2017.
             Mangled by an ogre
             ... wielding a +0 giant spiked club
              (16 damage)
             ... on level 3 of the Dungeon.
             The game lasted 00:02:36 (2075 turns).

NoAnimeNoLife the Cudgeler (Gargoyle Fighter)       Turns: 2075, Time: 00:02:37

Health: -10/32     AC: 10    Str: 20    XL:     5   Next: 46%
Magic:  5/5        EV:  7    Int:  8    God:
Gold:   121        SH:  9    Dex: 10    Spells: 4/4 levels left

rFire    . . .     SeeInvis .   a - +0 flail
rCold    . . .     Gourm    .   c - +0 shield
rNeg     + . .     Faith    .   b - +0 scale mail
rPois    ∞         Spirit   .   (no helmet)
rElec    +         Reflect  .   (no cloak)
rCorr    .         Harm     .   (no gloves)
MR       .....                  (no boots)
Stlth    ..........             (no amulet)
Regen    0.1/turn               (no ring)
MPRegen  0.1/turn               (no ring)

@: no status effects
A: negative energy resistance 1, electricity resistance, unbreathing,
petrification resistance, rot immunity, AC +4
a: no special abilities


You were on level 3 of the Dungeon.
You were not hungry.

You visited 1 branch of the dungeon, and saw 3 of its levels.

You collected 121 gold pieces.

Inventory:

Hand Weapons
 a - a +0 flail (weapon)
Armour
 b - a +0 scale mail (worn)
 c - a +0 shield (worn)
Wands
 o - a wand of clouds (3/9)
Scrolls
 g - a scroll of noise {unknown}
 h - a scroll of identify {unknown}
 k - a scroll of immolation {unknown}
 n - a scroll of enchant armour {unknown}
Potions
 d - a potion of might
 e - a potion of invisibility {unknown}
 i - 2 potions of degeneration {unknown}
 j - a potion of heal wounds {unknown}
 l - a potion of ambrosia {unknown}
 p - a potion of curing {unknown}
Comestibles
 f - 3 bread rations


   Skills:
 - Level 3.2 Fighting
 + Level 5.5 Maces & Flails
 - Level 3.2 Armour
 - Level 3.2 Shields


You had 4 spell levels left.
You didn't know any spells.

Dungeon Overview and Level Annotations

Branches:
Dungeon (3/15)

Altars:
Ru


Innate Abilities, Weirdness & Mutations

You are resistant to torment.
Your stone body is resilient. (AC +4)
You are immune to poison.
You resist negative energy. (rN+)
You are resistant to electric shocks. (rElec)
You can survive without breathing.
You are immune to petrification.
You are immune to rotting.


Message History

You block the ogre's attack.
There is an open door here.
Evoke which item? (* to show all) (? for menu, Esc to quit)
Okay, then.
Okay, then.
Evoke which item? (* to show all) (? for menu, Esc to quit)
Aiming: Cloud Cone (will waste charges)
Press: ? - help, Dir - move target cursor, f - ogre
Aim: an ogre, wielding a giant spiked club (moderately wounded)
You create a blast of noxious fumes!
Evoking this partially-identified wand wasted a few charges.
The ogre is engulfed in noxious fumes.
The ogre appears confused.
The ogre hits you but does no damage.
The ogre is engulfed in noxious fumes.
The ogre appears confused.
Found a scroll labeled VAPPAC RUQALI.
You thump the ogre!
The ogre is almost dead.
The ogre hits you with a giant spiked club!
Ouch! That really hurt!
You die...

#.# ..?#
#.######.#.#####
#......(#.......
#..#####.#######.
#.....#.#)†≈≈≈..#
##.##..#.)≈(..≈..
#.##.#...≈._.≈..
###.##..#..≈...≈..
#.@O##.#.#..≈≈≈..#
#.####.##.#######.
#.# # # #.# #.#
#.# #.# #?#


You could see an ogre (confused).

Vanquished Creatures
  Ijyb (D:3)
  6 adders
  2 oozes (D:1)
  A worm (D:2)
  A leopard gecko (D:1)
  6 orcs
  3 ball pythons
  4 bats
  4 giant cockroaches
  8 goblins
  8 hobgoblins
  10 jackals
  3 kobolds
  2 frilled lizards (D:1)
  3 rats
62 creatures vanquished.

Notes
Turn   | Place    | Note
-------+----------+-------------------------------------------
     0 | D:1      | NoAnimeNoLife the Gargoyle Fighter began the quest for the Orb.
     0 | D:1      | Reached XP level 1. HP: 14/14 MP: 1/1
    68 | D:1      | Reached XP level 2. HP: 13/19 MP: 2/2
   139 | D:1      | Reached skill level 3 in Maces & Flails
   205 | D:1      | Reached XP level 3. HP: 20/23 MP: 3/3
   830 | D:2      | Reached skill level 4 in Maces & Flails
   860 | D:2      | Reached XP level 4. HP: 14/28 MP: 4/4
  1658 | D:3      | Noticed Ijyb
  1663 | D:3      | Reached skill level 5 in Maces & Flails
  1663 | D:3      | Reached XP level 5. HP: 31/32 MP: 5/5
  1682 | D:3      | Killed Ijyb
  1732 | D:3      | Found a sacrificial altar of Ru.
  1744 | D:3      | Noticed an ogre
  2075 | D:3      | Mangled by an ogre

Skill      XL: |  1  2  3  4 |
---------------+-------------+-----
Maces & Flails | 3 4 5 |  5.5
Fighting       | |  3.2
Armour         | |  3.2
Shields        | |  3.2

Action                   |  1- 3 |  4- 6 || total
-------------------------+-------+-------++-------
Melee: Flail             |   152 |   130 ||   282
Evoke: Wand              |       |     1 ||     1
  Eat: Chunk             |       |     4 ||     4
Armor: Scale mail        |    98 |    77 ||   175
Dodge: Dodged            |    55 |    31 ||    86
Block: Shield            |    83 |    65 ||   148
